 Dungeon Crawl Stone Soup version 0.30-a0-568-g124715a40b (webtiles) character file.

Game seed: 9090613293396935420

300 PyroL the Chiller (level 6, 0/49 HPs)
             Began as a Draconian Ice Elementalist on Dec 29, 2022.
             Was an Initiate of Vehumet.
             Slain by Pikel
             ... wielding a +2 whip of freezing
              (11 damage)
             ... on level 4 of the Dungeon.
             The game lasted 00:05:50 (4322 turns).

PyroL the Chiller (Draconian Ice Elementalist)      Turns: 4322, Time: 00:05:51

Health: 0/49       AC: 13    Str: 10    XL:     6   Next: 13%
Magic:  7/13       EV: 12    Int: 18    God:    Vehumet [......]
Gold:   207        SH:  0    Dex: 11    Spells: 7/14 levels left

rFire   . . .      SeeInvis .    d - +1 trident (heavy)
rCold   . . .      Faith    .    (no shield)
rNeg    . . .      Spirit   .    (body armour unavailable)
rPois   .          Reflect  .    (helmet restricted)
rElec   .          Harm     .    (no cloak)
rCorr   .          Rampage  .    (no gloves)
Will    .....                    e - +0 pair of boots
Stlth   ++                       (no amulet)
HPRegen 0.28/turn                (no ring)
MPRegen 0.13/turn                (no ring)

@: ice-armoured, freezing walls, attractive
A: AC +6, unfitting armour, cold-blooded
a: Renounce Religion


You were on level 4 of the Dungeon.
You worshipped Vehumet.
Vehumet was noncommittal.
You visited 2 branches of the dungeon, and saw 5 of its levels.

You collected 207 gold pieces.

Inventory:

Hand Weapons
 d - a +1 heavy trident (weapon)
Missiles
 j - a throwing net
 k - 3 silver javelins
 n - 2 poisoned darts
Armour
 e - a +0 pair of boots (worn)
Wands
 i - a wand of roots (3)
Scrolls
 c - 2 scrolls of blinking
Potions
 a - 3 potions of magic
 b - 2 potions of attraction
 f - 2 potions of curing
 g - a potion of flight {unknown}
 h - a potion of invisibility {unknown}
 l - 4 potions of lignification {unknown}
 m - a potion of brilliance


   Skills:
 + Level 2.3 Fighting
 - Level 1.7 Dodging
 - Level 1.7 Stealth
 + Level 4.8 Spellcasting
 - Level 5.0 Ice Magic


You had 7 spell levels left.
You knew the following spells:

 Your Spells              Type           Power      Damage    Failure   Level
a - Freeze                Ice            88%        1d9       1%          1
b - Ozocubu's Armour      Ice            22%        N/A       5%          3
c - Frozen Ramparts       Ice            44%        1d7       5%          3

Your spell library contained the following spells:

 Spells                   Type           Power      Damage    Failure   Level
 Ensorcelled Hibernation  Hex/Ice        26%        N/A       8%          2
 Call Canine Familiar     Summ           4%         N/A       38%         3
 Kindle Blastsparks       Fire/Tloc/Air  8%         2d10      38%         3
 Portal Projectile        Hex/Tloc       8%         N/A       38%         3
 Spider Form              Tmut/Pois      4%         N/A       38%         3
 Summon Ice Beast         Ice/Summ       13%        N/A       43%         4
 Anguish                  Hex/Necr       2%         N/A       80%         4
 Fulminant Prism          Conj/Hex       2%         3d5       80%         4
 Iskenderun's Mystic Bla  Conj/Tloc      4%         2d3       80%         4
 Leda's Liquefaction      Hex/Erth       2%         N/A       80%         4
 Summon Lightning Spire   Summ/Air       4%         N/A       80%         4
 Lee's Rapid Deconstruct  Erth           2%         3d4*      98%         5
 Haunt                    Necr/Summ      2%         N/A       100%        7
 Summon Horrible Things   Summ           2%         N/A       100%        8


Dungeon Overview and Level Annotations

Branches:
Dungeon (4/15)             Temple (1/1) D:4

Altars:
Ashenzari
Dithmenos
Elyvilon
Gozag
Kikubaaqudgha
Makhleb
Nemelex Xobeh
Okawaru
Qazlal
Vehumet
Wu Jian
Yredelemnul
Zin

Shops:
D:2 [   D:4 *

Annotations:
D:4 Pikel


Innate Abilities, Weirdness & Mutations

Your plain brown scales are hard. (AC +6)
You cannot fit into any form of body armour.
You are cold-blooded and may be slowed by cold attacks.


Message History

* * * LOW HITPOINT WARNING * * *
Casting: Freeze (safe; 1% risk of failure)
Confirm with . or Enter, or press ? or * to list all spells.
Casting: Frozen Ramparts (dangerous; 5% risk of failure)
Press: ? - help, Dir - look around, f - activate The walls around you are covered in ice.
The wall freezes Pikel.
Pikel hits you with a +2 whip of freezing!
* * * LOW HITPOINT WARNING * * *
Pikel freezes you.
* * * LOW HITPOINT WARNING * * *
The wall freezes the lemure.
The lemure barely misses you.
The wall freezes Pikel.
Pikel hits you with a +2 whip of freezing.
* * * LOW HITPOINT WARNING * * *
Pikel freezes you.
* * * LOW HITPOINT WARNING * * *
The wall freezes the lemure. x2; The lemure hits you.
* * * LOW HITPOINT WARNING * * *
The lemure hits you but does no damage.
Casting: Frozen Ramparts (dangerous; 5% risk of failure)
Confirm with . or Enter, or press ? or * to list all spells.
A film of ice covers your body!
The wall freezes Pikel.
Pikel hits you but does no damage.
The wall freezes the lemure. x2
The lemure barely misses you. The lemure hits you.
* * * LOW HITPOINT WARNING * * *
It was a potion of attraction.
You feel attractive to monsters.
You feel yourself speed up.
The wall freezes Pikel.
Pikel barely misses you.
The wall freezes the goblin.
The lemure hits you but does no damage.
The wall freezes the lemure but does no damage.
The lemure hits you but does no damage.
The wall freezes Pikel.
Pikel hits you but does no damage.
The wall freezes the lemure.
The lemure barely misses you. The lemure closely misses you.
The wall freezes the goblin.
You kill the goblin!
Vehumet accepts your kill.
You feel better.
The wall freezes Pikel.
Pikel hits you with a +2 whip of freezing!
You die...

#..#+#### #..........
# ##...# #.......).. #
.....##### #.$........
# ####.....##
#.......... ###### #
#####..#####........[.
#..... #
##....##..........
#.#### #####
#.......l5....... #.#
# ....#
#......55K)...... #.#
# ....#
#.......@#+###### #.#
# ....# #........#
########.#### ....#
#........#
..........##. ....#
#........#
.#######..##. ....#
#........# #..##.
##### #........#
#..... #........#
#..... ##########
##.##) # #.....


You could see Pikel, 3 lemures and an iguana.

Vanquished Creatures
  A jelly (D:4)
  Jessica (D:2)
  Natasha (thrice) (D:2)
  Robin (D:2)
  2 adders
  4 gnolls
  3 worms (D:2)
  4 dart slugs
  5 orcs
  7 ball pythons
  9 endoplasms
  3 giant cockroaches
  8 goblins
  10 hobgoblins
  2 jackals (D:3)
  A quokka (D:1)
  3 bats (D:2)
  4 frilled lizards
  7 kobolds
  A rat (D:2)
79 creatures vanquished.

Vanquished Creatures (others)
  5 fungi (D:3)
  5 plants (D:3)
10 creatures vanquished.

Grand Total: 89 creatures vanquished

Notes
Turn   | Place    | Note
-------+----------+-------------------------------------------
     0 | D:1      | PyroL the Draconian Ice Elementalist began the quest for
                  | the Orb.
     0 | D:1      | Reached XP level 1. HP: 14/14 MP: 3/3
    51 | D:1      | Got Unaimp's Omnibus of Mortification and Assembling
   364 | D:1      | Reached XP level 2. HP: 17/20 MP: 3/5
  1392 | D:2      | Noticed Natasha
  1400 | D:2      | Killed Natasha
  1401 | D:2      | Reached XP level 3. HP: 9/26 MP: 1/7
  1690 | D:2      | Found Hibb's Armour Emporium.
  1928 | D:2      | Noticed Natasha
  1931 | D:2      | Killed Natasha
  1932 | D:2      | Reached XP level 4. HP: 20/33 MP: 5/8
  2001 | D:2      | Reached skill level 5 in Ice Magic
  2005 | D:2      | Learned a level 3 spell: Ozocubu's Armour
  2009 | D:2      | Learned a level 3 spell: Frozen Ramparts
  2123 | D:2      | Noticed Natasha
  2136 | D:2      | Killed Natasha
  2404 | D:2      | Noticed Jessica
  2411 | D:2      | Killed Jessica
  2412 | D:2      | Reached XP level 5. HP: 38/38 MP: 7/11
  2609 | D:2      | Noticed Robin
  2620 | D:2      | Killed Robin
  2812 | D:2      | Reached skill level 1 in Fighting
  3247 | D:3      | Found an opulent altar of Gozag.
  3322 | D:3      | Found a shadowy altar of Dithmenos.
  3462 | D:3      | Found a faded altar of an unknown god.
  3911 | D:4      | Reached XP level 6. HP: 42/48 MP: 9/13
  3989 | D:4      | Found Mafom's General Store.
  4071 | D:4      | Found a staircase to the Ecumenical Temple.
  4082 | Temple   | Entered the Ecumenical Temple
  4087 | Temple   | Became a worshipper of Vehumet
  4312 | D:4      | Noticed Pikel
  4322 | D:4      | Slain by Pikel

Illustrated notes

Levels and vault maps discovered:
D:1:      onia_arrival_mini_spirals, layout_basic
D:2:      layout_loops_ring, serial_shops, shop,
          wander_ebering_terrifying_dragon_lair, uniq_jessica, uniq_natasha,
          uniq_robin
D:3:      layout_loops_ring, mainiacjoe_overflow_boulevard,
          mainiacjoe_overflow_small_starburst, serial_rivers,
          chequers_serial_rivers_small_3, chequers_serial_rivers_small_a,
          chequers_serial_rivers_micro_a, chequers_serial_rivers_micro_e,
          chequers_serial_rivers_small_a, dreamdust_ecumenical_altar_grove
D:4:      layout_basic, minmay_temple_entry_large_hall, serial_shops,
          nicolae_square_shop, uniq_pikel
Temple:   minmay_freezing_vapour_temple

Skill      XL: |  1  2  3  4  5 |
---------------+----------------+-----
Spellcasting   | 3 4 |  4.8
Ice Magic      | 5 |  5.0
Fighting       | 2 |  2.3
Dodging        | |  1.7
Stealth        | |  1.7

Action                   |  1- 3 |  4- 6 || total
-------------------------+-------+-------++-------
Melee: Unarmed           |    17 |    34 ||    51
       Tailslap          |     1 |     2 ||     3
       Trident           |       |    10 ||    10
 Cast: Freeze            |    51 |    83 ||   134
       Ozocubu's Armour  |       |     2 ||     2
       Frozen Ramparts   |       |     2 ||     2
  Use: Scroll            |       |     3 ||     3
       Potion            |       |     2 ||     2
 Stab: Distracted        |       |     1 ||     1
       Sleeping          |       |     1 ||     1
Armor: Skin              |     8 |    39 ||    47
Dodge: Dodged            |    33 |    67 ||   100

Table legend: (Time is in decaauts)
 A = Elapsed time spent in this place.
 B = Non-inter-level travel time spent in this place.
 C = Inter-level travel time spent in this place.
 D = Time resting spent in this place.
 E = Time spent auto-exploring this place.
 F = Levels seen in this place.
 G = Mean time per level.
                   A        B        C        D        E       F      G
               +--------+--------+--------+--------+--------+-----+--------+
         Total |   4352 |   4211 |    141 |    387 |   3207 |   5 |  870.4 |
       Dungeon |   4328 |   4187 |    141 |    387 |   3194 |   4 | 1082.0 |
        Temple |     24 |     24 |      0 |      0 |     13 |   1 |   24.0 |
               +--------+--------+--------+--------+--------+-----+--------+

Top non-repeatable levels by time:
     D:2: 1617 daAuts
     D:1: 1269 daAuts
     D:3: 1015 daAuts
     D:4: 425 daAuts
  Temple: 24 daAuts
